 Dungeon Sprint DCSS version 0.17-a0-2002-g92c7e20 (webtiles) character file.

326 Kidiri the Covert (level 6, -12/28 HPs)
             Began as a Spriggan Enchanter on Oct 8, 2015.
             Was an Initiate of Dithmenos.
             Mangled by a spatial vortex (15 damage)
             ... in the Dungeon (Sprint III: "The Ten Rune Challenge").
             The game lasted 00:02:21 (435 turns).

Kidiri the Covert (Spriggan Enchanter)               Turns: 435, Time: 00:02:22

Health: -12/28     AC:  4    Str:  4    XL:     6   Next: 24%
Magic:  12/17      EV: 24    Int: 17    God:    Dithmenos [......]
Gold:   16         SH:  2    Dex: 18    Spells: 5 memorised, 7 levels left

rFire  . . .     SeeInvis +     a - +1 dagger
rCold  . . .     Clarity  +     b - +1 robe
rNeg   . . .     SustAt   .     (shield restricted)
rPois  .         Gourm    .     (helmet restricted)
rElec  .         Spirit   .     (no cloak)
rCorr  .         Warding  .     (gloves unavailable)
rMut   .         NoTele   +     (boots unavailable)
MR     +....                    (no amulet)
Stlth  +++++.....               (no ring)
                                (no ring)

@: very quick, somewhat resistant to hostile enchantments, quite stealthy
A: unfitting armour, large bone plates 1, see invisible, blink, clarity,
deformed body, herbivore 3, speed 3, slow metabolism 2, MP-powered wands
a: Blink, Renounce Religion


You were in the Dungeon.
You worshipped Dithmenos.
Dithmenos was noncommittal.
You were not hungry.

You visited 1 branch You collected 16 gold pieces.

Inventory:

Hand Weapons
 a - a +1 dagger (weapon)
 l - a +0 dagger
 n - a +0 hand axe
Armour
 b - a +1 robe (worn)
 m - a +0 robe
Scrolls
 j - a scroll of blinking
 k - a scroll of recharging
 p - a scroll of holy word
 r - 2 scrolls of remove curse
 u - a scroll of immolation {unknown}
 v - a scroll of fog {unknown}
Potions
 e - a potion of curing
 f - a potion of heal wounds
 g - a potion of haste
 h - 2 potions of magic
 i - a potion of berserk rage
 s - a potion of cure mutation
 t - 4 potions of flight
Books
 c - a book of Maledictions

   Spells                             Type                      Level
   a - Corona                         Hexes                        1
   b - Ensorcelled Hibernation        Hexes/Ice                    2
   c - Confuse                        Hexes                        3
   d - Tukima's Dance                 Hexes                        3
   e - Dazzling Spray                 Conjuration/Hexes            3
Comestibles
 d - 2 bread rations
 w - 2 royal jellies


   Skills:
 * Level 5.9 Short Blades
 + Level 2.7 Armour
 * Level 8.3 Dodging
 * Level 9.7 Stealth
 * Level 7.2 Spellcasting
 + Level 2.2 Conjurations
 + Level 5.9 Hexes
 + Level 2.5 Ice Magic
 + Level 0.0 Invocations


You had 7 spell levels left.
You knew the following spells:

 Your Spells              Type           Power        Failure   Level  Hunger
a - Corona                Hex            ####...      1%          1    None
b - Ensorcelled Hibernat  Hex/Ice        ###...       2%          2    None
c - Confuse               Hex            ####....     3%          3    ##.....
d - Tukima's Dance        Hex            ####....     3%          3    ##.....
e - Dazzling Spray        Conj/Hex       ###.....     10%         3    ##.....


Dungeon Overview and Level Annotations

Branches:
Dungeon (1/1)

Altars:
Dithmenos
Gozag
Makhleb
Nemelex Xobeh
Qazlal
Ru
Xom
Jiyva
Lugonu


Innate Abilities, Weirdness & Mutations

You are tiny and cannot use many weapons and most armour.
You have supernaturally acute eyesight.
You are a herbivore.
You cover ground extremely quickly.
You need consume almost no food.
You are partially covered in large bone plates (AC +2, SH +2).
You can translocate small distances at will.
You possess an exceptional clarity of mind.
Armour fits poorly on your strangely shaped body.
You expend magic power (3 MP) to strengthen your wands.


Message History

Press: ? - help, Shift-Dir - straight line, f - spatial vortex
Aim: a spatial vortex (magic immune)
The spatial vortex is unaffected.
Casting: Ensorcelled Hibernation
Confirm with . or Enter, or press ? or * to list all spells.
You can't see any susceptible monsters within range! (Use Z to cast anyway.) Unknown command.
Casting: Ensorcelled Hibernation
Confirm with . or Enter, or press ? or * to list all spells.
Aiming: Dazzling Spray
Press: ? - help, Shift-Dir - straight line, f/p - spatial vortex
Aim: a spatial vortex The spray of energy hits the spatial vortex.
The spatial vortex is lightly damaged.
The spatial vortex hits you!!
Ouch! That really hurt!
* * * LOW HITPOINT WARNING * * *
Space warps horribly around you!
Ouch! That really hurt!
You die...

#### ##.# ...#####..#
..%.#..#..#
#...#..#..###+#+###+##
##..##+#..#..........#
##..###...'.⌠........#
#..####...#...######'#
#..###....#.⌠.#__#...#
%..##.%%..#...#_@#...#
...#......#+###_v#...#
.##.#.....# #__#...+
.#####....# #_.'...#
▓▓ ▓▓▓▓▓▓ ▓▓▓▓▓▓▓▓


You could see a spatial vortex.

Vanquished Creatures
  A shadow (D)
  A water elemental (D)
  A jelly (D)
  Jessica (D)
  A wolf (D)
  A human (D)
  An ooze (D)
  2 rats (D)
9 creatures vanquished.

Vanquished Creatures (others)
  2 draconian scorchers (D)
  A yaktaur (D)
3 creatures vanquished.

Grand Total: 12 creatures vanquished

Notes
Turn   | Place    | Note
--------------------------------------------------------------
     0 | D        | Kidiri the Spriggan Enchanter began the quest for the Orb.
     0 | D        | Reached XP level 1. HP: 9/9 MP: 5/5
    23 | D        | Reached skill level 5 in Stealth
    32 | D        | Killed a yaktaur
    96 | D        | Noticed Jessica
   104 | D        | Killed Jessica
   104 | D        | Reached skill level 1 in Armour
   104 | D        | Reached skill level 6 in Stealth
   104 | D        | Reached XP level 2. HP: 7/13 MP: 5/8
   104 | D        | Reached XP level 3. HP: 8/16 MP: 5/9
   111 | D        | Learned a level 2 spell: Ensorcelled Hibernation
   115 | D        | Learned a level 3 spell: Confuse
   119 | D        | Learned a level 3 spell: Dazzling Spray
   191 | D        | Killed a white draconian scorcher
   221 | D        | Killed a white draconian scorcher
   279 | D        | Noticed a wolf
   284 | D        | Killed a wolf
   284 | D        | Reached skill level 5 in Dodging
   288 | D        | Reached skill level 7 in Stealth
   288 | D        | Reached skill level 5 in Spellcasting
   288 | D        | Reached XP level 4. HP: 21/21 MP: 1/12
   297 | D        | Learned a level 3 spell: Tukima's Dance
   316 | D        | Gained mutation: Your body sometimes deteriorates upon taking damage. [potion of mutation]
   316 | D        | Gained mutation: You have a pair of small horns on your head. [potion of mutation]
   317 | D        | Lost mutation: Your body sometimes deteriorates upon taking damage. [potion of cure mutation]
   317 | D        | Lost mutation: You have a pair of small horns on your head. [potion of cure mutation]
   318 | D        | Gained mutation: You can translocate small distances at will. [potion of mutation]
   318 | D        | Gained mutation: You are partially covered in large bone plates (AC +2, SH +2). [potion of mutation]
   318 | D        | Gained mutation: You expend magic power (3 MP) to strengthen your wands. [potion of mutation]
   319 | D        | Gained mutation: Armour fits poorly on your strangely shaped body. [potion of mutation]
   319 | D        | Gained mutation: You possess an exceptional clarity of mind. [potion of mutation]
   383 | D        | Noticed a water elemental
   385 | D        | Killed a water elemental
   385 | D        | Reached skill level 1 in Conjurations
   385 | D        | Reached skill level 5 in Hexes
   385 | D        | Reached skill level 1 in Ice Magic
   395 | D        | Noticed a jelly
   396 | D        | Noticed a shadow
   398 | D        | Killed a shadow
   398 | D        | Reached skill level 5 in Short Blades
   398 | D        | Reached skill level 8 in Dodging
   398 | D        | Reached skill level 9 in Stealth
   398 | D        | Reached XP level 5. HP: 24/24 MP: 12/15
   398 | D        | Reached XP level 6. HP: 28/28 MP: 13/17
   402 | D        | Killed a jelly
   428 | D        | Found a stormy altar of Qazlal.
   428 | D        | Noticed a spatial vortex
   429 | D        | Found a sacrificial altar of Ru.
   429 | D        | Found a burning altar of Makhleb.
   429 | D        | Found a viscous altar of Jiyva.
   429 | D        | Found a shimmering altar of Xom.
   429 | D        | Found a shadowy altar of Dithmenos.
   429 | D        | Found a sparkling altar of Nemelex Xobeh.
   429 | D        | Found a corrupted altar of Lugonu.
   429 | D        | Found an opulent altar of Gozag.
   433 | D        | Became a worshipper of Dithmenos the Shadowed
   435 | D        | Mangled by a spatial vortex

Vault maps used:
D:        dungeon_sprint_mu

Action                   |  1- 3 |  4- 6 || total
-------------------------+-------+-------++-------
Melee: Dagger            |    21 |     3 ||    24
 Cast: Corona            |     1 |       ||     1
       Ensorcelled Hiber |     3 |     1 ||     4
       Dazzling Spray    |       |     1 ||     1
  Use: Potion            |       |     4 ||     4
       Scroll            |       |     3 ||     3
 Stab: Sleeping          |     4 |     3 ||     7
